 Dungeon Crawl Stone Soup version 0.30-a0-571-gdf30a72648 (webtiles) character file.

Game seed: 15468898314864024932

7548 Shayle the Nimble (level 11, -3/68 HPs)
             Began as a Tengu Reaver on Dec 29, 2022.
             Was a Believer of Kikubaaqudgha.
             Slain by a vampire (5 damage)
             ... on level 11 of the Dungeon.
             The game lasted 00:29:22 (12122 turns).

Shayle the Nimble (Tengu Reaver)                   Turns: 12122, Time: 00:29:22

Health: -3/68      AC:  8    Str: 13    XL:     11   Next: 17%
Magic:  24/24      EV: 19    Int: 17    God:    Kikubaaqudgha [**....]
Gold:   638        SH:  9    Dex: 13    Spells: 6/14 levels left

rFire   . . .      SeeInvis .    p - +6 mace (drain)
rCold   . . .      Faith    .    E - +0 buckler
rNeg    . . .      Spirit   .    k - +2 leather armour {Will+}
rPois   .          Reflect  +    (helmet restricted)
rElec   .          Harm     .    w - +1 cloak
rCorr   .          Rampage  .    D - +0 pair of gloves
Will    ++...                    (boots unavailable)
Stlth   +                        m - amulet of reflection
HPRegen 1.11/turn                i - ring of magical power
MPRegen 0.19/turn                (no ring)

@: flying quickly and evasively, studying Dodging, quick
A: beak, talons 3, nimble flight, strong-willed 1, regeneration 1
a: Renounce Religion, Unearth Wretches


You were on level 11 of the Dungeon.
You worshipped Kikubaaqudgha.
Kikubaaqudgha was pleased with you.
You visited 2 branches of the dungeon, and saw 12 of its levels.
You also visited: Sewer.

You collected 638 gold pieces.

Inventory:

Hand Weapons
 a - a +0 spear of flaming
 c - a +1 rapier of venom
 d - a +3 spear of flaming
 g - a +0 hand axe of venom
 h - a +1 long sword of protection
 l - a +0 war axe of flaming
 p - a +6 mace of draining (weapon)
 F - a +2 trident of protection
Missiles
 b - 2 silver boomerangs (quivered)
 o - a throwing net
 z - a curare-tipped dart
Armour
 k - a +2 leather armour of willpower (worn)
 w - a +1 cloak (worn)
 A - the +1 ring mail of the Countless Princes {Will++}
   (You found it on level 8 of the Dungeon)

   Will:      It greatly increases your willpower.
 D - a +0 pair of gloves (worn)
 E - a +0 buckler (worn)
Jewellery
 i - a ring of magical power (left hand)
 m - an amulet of reflection (around neck)
 n - an amulet of faith
 v - a ring of resist corrosion
Wands
 j - a wand of digging (6)
 B - a wand of paralysis (8)
Scrolls
 e - 2 scrolls of teleportation
 q - 2 scrolls of fog
 r - a scroll of brand weapon
 u - a scroll of identify
 x - a scroll of immolation
 C - 2 scrolls of poison
Potions
 f - a potion of haste
 s - 2 potions of resistance
 G - a potion of might
 H - a potion of invisibility


   Skills:
 + Level 7.8 Fighting
 - Level 3.2 Polearms
 + Level 11.2 Dodging
 + Level 2.4 Shields
 - Level 2.0 Spellcasting
 - Level 4.0 Conjurations
 + Level 8.1 Necromancy
 * Level 9.2 Air Magic
 + Level 5.6 Earth Magic


You had 6 spell levels left.
You knew the following spells:

 Your Spells              Type           Power      Damage    Failure   Level
a - Kiss of Death         Conj/Necr      88%        2d12      2%          1
b - Airstrike             Air            16%        2d(3-19)  8%          4
c - Vampiric Draining     Necr           29%        2d8       3%          3

Your spell library contained the following spells:

 Spells                   Type           Power      Damage    Failure   Level
 Necrotise                Necr           100%       1d9       1%          1
 Cigotuvi's Dreadful Rot  Necr/Pois/Air  42%        N/A       4%          2
 Magic Dart               Conj           60%        1d6       6%          1
 Poisonous Vapours        Pois/Air       34%        N/A       8%          2
 Mephitic Cloud           Conj/Pois/Air  16%        N/A       16%         3
 Momentum Strike          Conj/Tloc      16%        3d8       22%         2
 Beastly Appendage        Tmut           2%         N/A       32%         1
 Freeze                   Ice            4%         1d3       32%         1
 Sting                    Tmut/Pois      4%         1d3       32%         1
 Hailstorm                Conj/Ice       8%         3d4       41%         3
 Blink                    Tloc           2%         N/A       45%         2
 Call Imp                 Summ           1%         N/A       45%         2
 Wereblood                Tmut           1%         N/A       45%         2
 Summon Lightning Spire   Summ/Air       17%        N/A       45%         4
 Frozen Ramparts          Ice            2%         1d1       69%         3
 Lesser Beckoning         Tloc           2%         N/A       69%         3
 Spider Form              Tmut/Pois      1%         N/A       69%         3
 Irradiate                Conj/Tmut      4%         3d13      99%         5
 Blade Hands              Tmut           0%         N/A       100%        5
 Dragon Form              Tmut           0%         N/A       100%        7
 Chain Lightning          Conj/Air       12%        3d16      100%        9


Dungeon Overview and Level Annotations

Branches:
Dungeon (11/15)            Temple (1/1) D:6           Sewer (visited)
   Lair: D:8-11         Orc: D:9-12

Altars:
Elyvilon
Kikubaaqudgha
Trog
Uskayaw
Yredelemnul
Zin

Annotations:
D:8 2 runed translucent doors, IdlyInterested's ghost, novice DsFi
D:10 1 runed translucent door, Taurus's ghost, novice MiFi


Innate Abilities, Weirdness & Mutations

You have a beak for a mouth.
You have claws for feet.
Your magical nature lets you fly swiftly and evasively.
You are strong-willed. (Will+)
Your natural rate of healing is unusually fast.


Message History

The warg attacks as you move away! The warg barely misses you.
The warg attacks as you move away! The warg bites you.
Something hits you but does no damage. Something hits you!
The warg bites you but does no damage.
You closely miss the warg.
The warg is lightly wounded.
Something hits you but does no damage. The warg misses you. x2
The warg bites you. The warg completely misses you.
You closely miss something. Your kick misses something.
Your peck misses something.
You feel less invigorated.
You feel less confused. Something hits you.
Something hits you but does no damage. The warg closely misses you.
Something barely misses you. Something bites you!
Something draws strength from your injuries!
The warg closely misses you. Something hits you. Something bites you!
* * * LOW HITPOINT WARNING * * *
Something draws strength from your injuries!
You block the warg's attack.
You closely miss the warg.
The warg is lightly wounded.
Something hits you.
* * * LOW HITPOINT WARNING * * *
The warg bites you but does no damage. You block the warg's attack.
Something hits you.
* * * LOW HITPOINT WARNING * * *
Something bites you.
* * * LOW HITPOINT WARNING * * *
Something draws strength from your injuries!
You block the warg's attack.
You barely miss the warg. You claw the warg.
The warg is moderately wounded.
Something hits you but does no damage. The warg bites you but does no damage.
The warg bites you.
* * * LOW HITPOINT WARNING * * *
Something barely misses you. You block something's attack.
The warg closely misses you. Something hits you.
* * * LOW HITPOINT WARNING * * *
Something bites you.
You die...
Kikubaaqudgha rasps: "You have failed me!
Welcome... death!"

.hh§§........### #.#..##
Kh§§§§......##.### ##.....#
{§§§§§......#....###......#
§§###.#...........#.....###
#.. ###...................#
##. #............##....##
.. ##...........##..### ..
.#......#........#
........#h@{{....###
........##.h.{......#
.........##....)...###
........)().......##
.......#.##...:...##
.........##...(....##
....................#
.....................#
....................##


You could see 2 wargs.

Vanquished Creatures
  A two-headed ogre (D:10)
  An ugly thing (D:11)
  2 cyclopes
  A gargoyle (D:8)
  Psyche (D:9)
  2 hornets
  6 yaks (D:10)
  2 shadows
  3 wraiths
  A warg (D:11)
  An acid dragon (D:10)
  A water moccasin (D:9)
  A black bear (D:6)
  An ogre (D:5)
  5 centaurs
  4 kobold brigands
  3 bullfrogs
  A gnoll sergeant (D:7)
  4 necrophages
  15 killer bees
  A howler monkey (D:9)
  2 jellies
  2 orc priests (D:3)
  6 hounds
  2 iguanas
  Natasha (thrice) (D:3)
  5 orc wizards
  A merfolk avatar (Sewer)
  A merfolk siren (Sewer)
  8 adders
  9 gnolls
  2 river rats (Sewer)
  3 shadow imps
  2 ufetubi
  6 dart slugs
  20 orcs
  4 endoplasms
  3 giant cockroaches
  11 goblins
  6 hobgoblins
  6 jackals
  20 kobolds
  9 quokkas
  9 ball pythons
  3 bats
  6 frilled lizards
  31 rats
237 creatures vanquished.

Vanquished Creatures (others)
  An orc wizard (D:11)
  21 plants (D:5)
22 creatures vanquished.

Grand Total: 259 creatures vanquished

Notes
Turn   | Place    | Note
-------+----------+-------------------------------------------
     0 | D:1      | Shayle the Tengu Reaver began the quest for the Orb.
     0 | D:1      | Reached XP level 1. HP: 12/12 MP: 4/4
   107 | D:1      | Reached XP level 2. HP: 17/17 MP: 6/6
   209 | D:1      | Reached skill level 1 in Necromancy
   312 | D:1      | Reached XP level 3. HP: 22/22 MP: 7/7
   539 | D:1      | You fall into a shaft and drop 1 floor!
   645 | D:2      | Found a faded altar of an unknown god.
   685 | D:2      | Reached skill level 1 in Earth Magic
   970 | D:2      | Reached skill level 3 in Dodging
  1042 | D:2      | Reached XP level 4. HP: 24/27 MP: 8/8
  1302 | D:2      | Found a hide-covered altar of Uskayaw.
  1741 | D:3      | Noticed Natasha
  1750 | D:3      | Killed Natasha
  1860 | D:3      | Found a glowing drain.
  1865 | Sewer    | Entered a sewer
  2048 | Sewer    | Gained mutation: Your magical nature lets you fly swiftly
                  | and evasively. [Tengu growth]
  2048 | Sewer    | Reached XP level 5. HP: 32/32 MP: 9/9
  2520 | Sewer    | Noticed a malarious merfolk avatar
  2557 | Sewer    | Killed a malarious merfolk avatar
  2798 | D:3      | Noticed Natasha
  2803 | D:3      | Killed Natasha
  2804 | D:3      | Reached XP level 6. HP: 31/37 MP: 10/10
  2910 | D:3      | Noticed Natasha
  2917 | D:3      | Killed Natasha
  3040 | D:3      | Reached skill level 4 in Dodging
  3896 | D:4      | Reached XP level 7. HP: 26/43 MP: 11/11
  4020 | D:4      | Found a glowing silver altar of Zin.
  4310 | D:5      | Entered Level 5 of the Dungeon
  4388 | D:5      | Noticed a two-headed ogre
  4942 | D:5      | Reached skill level 5 in Dodging
  5359 | D:6      | Reached XP level 8. HP: 48/48 MP: 12/12
  5444 | D:6      | Reached skill level 5 in Fighting
  5444 | D:6      | Reached skill level 6 in Dodging
  5600 | D:6      | Found a staircase to the Ecumenical Temple.
  5610 | Temple   | Entered the Ecumenical Temple
  5642 | Temple   | Became a worshipper of Kikubaaqudgha
  5686 | D:6      | Reached skill level 5 in Necromancy
  6095 | D:6      | Reached skill level 7 in Dodging
  6879 | D:7      | Noticed a hornet
  6898 | D:7      | Paralysed by a hornet for 1 turns
  6902 | D:7      | Killed a hornet
  6903 | D:7      | Reached XP level 9. HP: 28/55 MP: 13/13
  7448 | D:7      | Reached skill level 8 in Dodging
  7618 | D:8      | Got the Guidebook on Feathers and Intoxication
  7624 | D:8      | Learned a level 4 spell: Airstrike
  7735 | D:8      | Reached skill level 1 in Air Magic
  7962 | D:8      | Identified the +1 ring mail of the Countless Princes
                  | {Will++}
  8145 | D:8      | Noticed a gargoyle
  8161 | D:8      | Killed a gargoyle
  8483 | D:8      | Found a large runed translucent door.
  8483 | D:8      | Found a large runed translucent door.
  8484 | D:8      | Noticed IdlyInterested's ghost (novice DsFi)
  8818 | D:9      | Noticed a hornet
  8829 | D:9      | Paralysed by a hornet for 1 turns
  8830 | D:9      | Killed a hornet
  9024 | D:9      | Gained mutation: You are strong-willed. (Will+) [potion of
                  | mutation]
  9024 | D:9      | Gained mutation: Your natural rate of healing is unusually
                  | fast. [potion of mutation]
  9025 | D:9      | HP: 2/56 [killer bee (4)]
  9027 | D:9      | Reached skill level 9 in Dodging
  9049 | D:10     | Entered Level 10 of the Dungeon
  9192 | D:10     | Reached skill level 5 in Air Magic
  9215 | D:10     | Reached * piety under Kikubaaqudgha
  9215 | D:10     | Received a gift from Kikubaaqudgha
  9216 | D:10     | Reached XP level 10. HP: 51/61 MP: 14/14
  9224 | D:10     | Learned a level 3 spell: Vampiric Draining
  9264 | D:10     | Noticed a two-headed ogre
  9282 | D:10     | Killed a two-headed ogre
  9283 | D:10     | Reached skill level 10 in Dodging
  9283 | D:10     | Reached skill level 5 in Earth Magic
  9296 | D:10     | Found a runed translucent door.
  9347 | D:9      | Noticed Psyche
  9354 | D:9      | Killed Psyche
 10814 | D:10     | Noticed a cyclops
 10818 | D:10     | Killed a cyclops
 10855 | D:10     | Reached skill level 1 in Shields
 11524 | D:10     | Noticed Taurus's ghost (novice MiFi)
 11803 | D:11     | Noticed a purple ugly thing
 11811 | D:11     | Killed a purple ugly thing
 11812 | D:11     | Reached XP level 11. HP: 68/68 MP: 0/15
 11890 | D:11     | Reached skill level 11 in Dodging
 11926 | D:11     | Reached ** piety under Kikubaaqudgha
 12093 | D:11     | Noticed a cyclops
 12111 | D:11     | Killed a cyclops
 12122 | D:11     | HP: 2/68 [something (6)]
 12122 | D:11     | Slain by a vampire

Illustrated notes

Levels and vault maps discovered:
D:1:      evilmike_arrival_plus, layout_loops_ring
D:2:      layout_loops_corners, hellmonk_ecumenical_altar_leap_of_faith,
          basic_altar
D:3:      layout_loops_ring, portal_sewer_entry_e, grunt_ministairs_13,
          nrook_mini_vaults, uniq_natasha
D:4:      layout_rooms, mainiacjoe_overflow_boulevard
D:5:      layout_loops_cross, serial_bayou, serial_bayou_pond_e,
          serial_bayou_crossing, serial_bayou_pond_d, serial_bayou_shore_b,
          serial_bayou_pond_c, minmay_manual_monstrance
D:6:      layout_loops_ring, minmay_temple_entry_glassed_door
D:7:      layout_basic
D:8:      layout_layer_cave, ebering_ghost_disaster_area, minmay_small_thing
D:9:      layout_roguey, uniq_psyche
D:10:     nicolae_whirlpool, layout_irregular_city,
          ebering_ghost_reflecting_pool
D:11:     layout_cave_pools, erik_lair_orcish_takeover, serial_shops,
          bzr_entry_safe, amcnicky_mini_pool_small
Temple:   mainiacjoe_temple_archimedes_tessellation

Skill      XL: |  1  2  3  4  5  6  7  8  9 10 11 |
---------------+----------------------------------+-----
Necromancy     | 1 2 3 4 5 6 8 |  8.1
Earth Magic    | 1 2 3 4 5 |  5.6
Dodging        | 3 4 5 7 9 10 11 | 11.2
Fighting       | 3 4 5 6 7 |  7.8
Air Magic      | 5 8 9 |  9.2
Shields        | 1 2 |  2.4
Polearms       | |  3.2
Spellcasting   | |  2.0
Conjurations   | |  4.0

Action                   |  1- 3 |  4- 6 |  7- 9 | 10-12 || total
-------------------------+-------+-------+-------+-------++-------
Melee: Spear             |    97 |   249 |   227 |       ||   573
       Kick              |    24 |    49 |    81 |    44 ||   198
       Peck              |    14 |    31 |    55 |    37 ||   137
       Punch             |       |     2 |     5 |       ||     7
       Mace              |       |       |    49 |   162 ||   211
Throw: Boomerang         |       |       |     7 |       ||     7
 Cast: Kiss of Death     |       |     1 |     2 |       ||     3
       Airstrike         |       |       |       |    33 ||    33
       Vampiric Draining |       |       |       |     2 ||     2
Evoke: Wand              |       |       |     6 |     3 ||     9
  Use: Potion            |       |     8 |     5 |     3 ||    16
       Scroll            |       |     3 |     9 |     6 ||    18
 Stab: Sleeping          |     1 |       |       |       ||     1
       Invisible         |       |       |     2 |       ||     2
       Paralysed         |       |       |       |     8 ||     8
Armor: Leather armour    |    20 |    42 |    38 |    49 ||   149
       Skin              |       |    61 |       |       ||    61
Dodge: Dodged            |    53 |   190 |   217 |   237 ||   697
Block: Other             |       |     9 |    65 |    11 ||    85
       Reflection        |       |     1 |     5 |     3 ||     9
       Buckler           |       |       |       |    84 ||    84

Table legend: (Time is in decaauts)
 A = Elapsed time spent in this place.
 B = Non-inter-level travel time spent in this place.
 C = Inter-level travel time spent in this place.
 D = Time resting spent in this place.
 E = Time spent auto-exploring this place.
 F = Levels seen in this place.
 G = Mean time per level.
                   A        B        C        D        E       F      G
               +--------+--------+--------+--------+--------+-----+--------+
         Total |  11600 |  10964 |    636 |   1691 |   6144 |  13 |  892.3 |
       Dungeon |  10700 |  10064 |    636 |   1334 |   6054 |  11 |  972.7 |
        Temple |     47 |     47 |      0 |      0 |     22 |   1 |   47.0 |
         Sewer |    852 |    852 |      0 |    357 |     67 |   1 |  852.0 |
               +--------+--------+--------+--------+--------+-----+--------+

Top non-repeatable levels by time:
     D:8: 1636 daAuts
     D:7: 1491 daAuts
    D:10: 1207 daAuts
     D:3: 1133 daAuts
     D:2: 1078 daAuts
     D:5: 902 daAuts
   Sewer: 852 daAuts
     D:6: 823 daAuts
     D:9: 809 daAuts
     D:4: 742 daAuts
     D:1: 534 daAuts
    D:11: 341 daAuts
  Temple: 47 daAuts
